 Dungeon Crawl Stone Soup version 0.25-a0-875-geaba134f46 (webtiles) character file.

Game seed: 11413751450391789337, levelgen mode: deterministic

137 wvc the Insei (level 5, -4/40 HPs)
             Began as a Gnoll Wanderer on May 1, 2020.
             Slain by an orc
             ... wielding a +0 war axe
              (8 damage)
             ... on level 3 of the Dungeon.
             The game lasted 00:04:58 (3074 turns).

wvc the Insei (Gnoll Wanderer)                      Turns: 3074, Time: 00:04:58

Health: -4/40      AC:  8    Str: 12    XL:     5   Next: 20%
Magic:  9/9        EV: 10    Int: 14    God:
Gold:   128        SH:  0    Dex: 18    Spells: 10/10 levels left

rFire    . . .     SeeInvis .   a - +0 spear
rCold    . . .     Gourm    .   (no shield)
rNeg     . . .     Faith    .   s - +3 ring mail
rPois    .         Spirit   .   (no helmet)
rElec    .         Reflect  .   (no cloak)
rCorr    .         Harm     .   (no gloves)
MR       .....                  (no boots)
Stlth    ++........             (no amulet)
HPRegen  0.13/turn              (no ring)
MPRegen  0.11/turn              (no ring)

@: lightly drained
A: distributed training, fangs 1, strong nose
a: no special abilities


You were on level 3 of the Dungeon.
You were not hungry.

You visited 1 branch of the dungeon, and saw 3 of its levels.

You collected 128 gold pieces.

Inventory:

Hand Weapons
 a - a +0 spear (weapon)
Missiles
 g - 25 poisoned darts (quivered)
Armour
 s - a +3 ring mail (worn)
Scrolls
 h - a scroll of magic mapping
 i - 3 scrolls of remove curse {unknown}
 k - a scroll of enchant armour {unknown}
 m - 2 scrolls of blinking {unknown}
 o - a scroll of immolation {unknown}
 q - 2 scrolls of teleportation {unknown}
 t - a scroll of amnesia {unknown}
Potions
 b - 2 potions of heal wounds
 c - a potion of berserk rage
 d - 3 potions of lignification
 e - a potion of brilliance {unknown}
 f - a potion of might {unknown}
 j - a potion of mutation {unknown}
 l - a potion of curing {unknown}
 p - a potion of haste {unknown}
 u - a potion of flight {unknown}
Comestibles
 n - a ration
 r - 5 chunks of flesh


   Skills:
 + Level 2.9(2.4) Fighting
 + Level 1.3(0.9) Short Blades
 + Level 1.3(0.9) Long Blades
 + Level 1.3(0.9) Axes
 + Level 1.3(0.9) Maces & Flails
 + Level 1.3(0.9) Polearms
 + Level 1.3(0.9) Staves
 + Level 1.3(0.9) Slings
 + Level 1.3(0.9) Bows
 + Level 1.3(0.9) Crossbows
 + Level 4.7(4.2) Throwing
 + Level 1.3(0.9) Armour
 + Level 1.3(0.9) Dodging
 + Level 2.7(2.2) Stealth
 + Level 1.3(0.9) Shields
 + Level 6.6(6.1) Unarmed Combat
 + Level 3.1(2.6) Spellcasting
 + Level 1.1(0.6) Conjurations
 + Level 1.1(0.6) Hexes
 + Level 2.3(1.9) Charms
 + Level 1.1(0.6) Summonings
 + Level 1.1(0.6) Necromancy
 + Level 1.1(0.6) Translocations
 + Level 1.1(0.6) Transmutations
 + Level 1.1(0.6) Fire Magic
 + Level 1.1(0.6) Ice Magic
 + Level 1.1(0.6) Air Magic
 + Level 1.1(0.6) Earth Magic
 + Level 2.3(1.9) Poison Magic
 + Level 1.5(1.1) Invocations
 + Level 1.3(0.9) Evocations


You had 10 spell levels left.
You didn't know any spells.
Your spell library was empty.

Dungeon Overview and Level Annotations

Branches:
Dungeon (3/15)

Altars:
Fedhas
Okawaru
Ru


Innate Abilities, Weirdness & Mutations

Your experience applies equally to all skills.
You have very sharp teeth.
Your uncanny sense of smell can sniff out nearby items.


Message History

You barely miss the orc.
The orc is severely wounded.
The orc hits you with a +0 war axe.
You hit the orc but do no damage.
The orc is severely wounded.
The orc hits you but does no damage.
You hit the orc but do no damage.
The orc is severely wounded.
The orc barely misses you.
You hit the orc but do no damage.
The orc is severely wounded.
The orc hits you with a +0 war axe.
You hit the orc but do no damage.
The orc is severely wounded.
The orc hits you with a +0 war axe!
* * * LOW HITPOINT WARNING * * *
You hit the orc but do no damage.
The orc is severely wounded.
The orc hits you with a +0 war axe!
You die...

*,*,*****,*,,,,,*,*,**,,,,,,,*
*,*,*** *,**,,,*,,,,,,,***,*,*
*,*,.w# *,***.*,*####**,**,,,*
*,**#.# *,* *..#..≈≈≈,,*,**,,*
*,* #.# *,*##.#..≈...≈,,*,*,,*
*,**#.##*,*#.#...≈._.≈,,,*,,,*
*,,,...,,,##..#..≈...≈,,*,,,,*
**###.#**##..o.#..≈≈≈,,*,**,**
##.#.# ##...@..####***,***,*
#####....###...)........,,,,**,*
...).......'.........+..,,,,,*,*
#####....###.........#***,,,**,*
***##.#.# ##..%....## **,***,*
*,,.....# ##..$).## ***,,,*
*,#####.# ##...## ***,,,**
*,****#.# ##+## *,,,,,,,
*,*,,,..#**** *,* *,,,,*,,


You could see an orc.

Vanquished Creatures
  A hound (D:2)
  3 adders (D:2)
  An ooze (D:1)
  3 worms
  4 leopard geckos
  2 giant cockroaches
  6 hobgoblins
  9 kobolds
  2 quokkas (D:2)
  12 bats
  4 frilled lizards
  10 goblins
  7 rats
64 creatures vanquished.

Notes
Turn   | Place    | Note
-------+----------+-------------------------------------------
     0 | D:1      | wvc the Gnoll Wanderer began the quest for the Orb.
     0 | D:1      | wvc set off with the following items: a +0 spear, a potion
                  | of heal wounds, a potion of berserk rage, a potion of
                  | lignification, a +0 robe, a ration
     0 | D:1      | Reached XP level 1. HP: 17/17 MP: 4/4
    66 | D:1      | Reached XP level 2. HP: 22/23 MP: 5/5
   586 | D:1      | Reached XP level 3. HP: 28/28 MP: 7/7
  1134 | D:2      | Reached skill level 1 in Invocations
  1802 | D:2      | Reached skill level 1 in Short Blades
  1802 | D:2      | Reached skill level 1 in Long Blades
  1802 | D:2      | Reached skill level 1 in Axes
  1802 | D:2      | Reached skill level 1 in Maces & Flails
  1802 | D:2      | Reached skill level 1 in Polearms
  1802 | D:2      | Reached skill level 1 in Staves
  1802 | D:2      | Reached skill level 1 in Slings
  1802 | D:2      | Reached skill level 1 in Bows
  1802 | D:2      | Reached skill level 1 in Crossbows
  1802 | D:2      | Reached skill level 1 in Armour
  1802 | D:2      | Reached skill level 1 in Dodging
  1802 | D:2      | Reached skill level 1 in Shields
  1802 | D:2      | Reached skill level 1 in Evocations
  1815 | D:2      | Reached XP level 4. HP: 22/34 MP: 8/8
  2039 | D:2      | Reached skill level 1 in Conjurations
  2039 | D:2      | Reached skill level 1 in Hexes
  2039 | D:2      | Reached skill level 1 in Summonings
  2039 | D:2      | Reached skill level 1 in Necromancy
  2039 | D:2      | Reached skill level 1 in Translocations
  2039 | D:2      | Reached skill level 1 in Transmutations
  2039 | D:2      | Reached skill level 1 in Fire Magic
  2039 | D:2      | Reached skill level 1 in Ice Magic
  2039 | D:2      | Reached skill level 1 in Air Magic
  2039 | D:2      | Reached skill level 1 in Earth Magic
  2367 | D:2      | Found a blossoming altar of Fedhas.
  2596 | D:2      | Reached XP level 5. HP: 26/40 MP: 9/9
  2949 | D:3      | Found an iron altar of Okawaru.
  3051 | D:3      | Found a sacrificial altar of Ru.
  3074 | D:3      | Slain by an orc

Levels and vault maps discovered:
D:1:      dpeg_arrival_rooms_c, layout_basic, minivault_26
D:2:      layout_basic, fedhas_ov_isle_minmay, minmay_misc_feat_square,
          roderic_roman_lattice
D:3:      layout_loops_corners, okawaru_ov_weapons_minmay,
          nicolae_ru_awakened_eye, uniq_robin

Skill      XL: |  1  2  3  4 |
---------------+-------------+-----
Charms         | 2 |  2.3
Poison Magic   | 2 |  2.3
Invocations    | 1 |  1.5
Short Blades   | 1 |  1.3
Long Blades    | 1 |  1.3
Axes           | 1 |  1.3
Maces & Flails | 1 |  1.3
Polearms       | 1 |  1.3
Staves         | 1 |  1.3
Slings         | 1 |  1.3
Bows           | 1 |  1.3
Crossbows      | 1 |  1.3
Armour         | 1 |  1.3
Dodging        | 1 |  1.3
Shields        | 1 |  1.3
Evocations     | 1 |  1.3
Spellcasting   | 3 |  3.1
Conjurations   | 1 |  1.1
Hexes          | 1 |  1.1
Summonings     | 1 |  1.1
Necromancy     | 1 |  1.1
Translocations | 1 |  1.1
Transmutations | 1 |  1.1
Fire Magic     | 1 |  1.1
Ice Magic      | 1 |  1.1
Air Magic      | 1 |  1.1
Earth Magic    | 1 |  1.1
Fighting       | |  2.9
Throwing       | |  4.7
Stealth        | |  2.7
Unarmed Combat | |  6.6

Action                   |  1- 3 |  4- 6 || total
-------------------------+-------+-------++-------
Melee: Spear             |   172 |   131 ||   303
       Bite              |    17 |    16 ||    33
       Punch             |     3 |     8 ||    11
Throw: Dart              |     7 |       ||     7
  Use: Potion            |       |     1 ||     1
       Scroll            |       |     1 ||     1
 Stab: Sleeping          |    11 |     3 ||    14
  Eat: Ration            |     1 |     1 ||     2
       Chunk             |     1 |       ||     1
Armor: Robe              |    27 |       ||    27
       Leather armour    |    12 |    21 ||    33
       Ring mail         |       |    12 ||    12
Dodge: Dodged            |    84 |    75 ||   159

Table legend:
 A = Non-vault XP
 B = Vault XP
 C = Vault XP percentage of total XP
 D = Non-vault monster count
 E = Vault monster count
 F = Vault count percentage of total count
                 A         B        C        D         E       F
            +---------+---------+-------+---------+---------+-------
      Total |     196 |       0 |   0.0 |      64 |       0 |   0.0
            +---------+---------+-------+---------+---------+-------
        D:1 |      48 |       0 |   0.0 |      28 |       0 |   0.0
        D:2 |     128 |       0 |   0.0 |      26 |       0 |   0.0
        D:3 |      20 |       0 |   0.0 |      10 |       0 |   0.0
            +---------+---------+-------+---------+---------+-------
